Map: Dusk Towers

Players

Razer

  • Race: Protoss Protoss
  • League: Silver

Manta - Winner!

  • Race: Zerg Zerg
  • League: Silver

VOD

Have the link to the VOD?

Description

Time

  • Played on: Feb. 14, 2016, 7:08 p.m.
  • Length: 14:19
Show
View Real Time Build Order
Export as new Build Order

Razer Protoss 

Build Orders:  

Get SALT Encoding   

  12  0:04  Probe (Chrono Boost)  
  14  0:14  Probe (Chrono Boost)  
  14  0:18  Pylon  
  14  0:25  Probe (Chrono Boost)  
  15  0:37  Gateway  
  15  0:40  Probe (Chrono Boost)  
  16  0:49  Assimilator  
  16  0:51  Probe (Chrono Boost)  
  17  1:03  Probe (Chrono Boost)  
  18  1:14  Probe (Chrono Boost)  
  19  1:24  Probe (Chrono Boost)  
  19  1:25  Cybernetics Core  
  20  1:31  Assimilator  
  21  1:40  Probe (Chrono Boost)  
  21  1:50  Probe (Chrono Boost)  
  22  2:00  Probe (Chrono Boost)  
  23  2:03  Gateway  
  23  2:05  Gateway, Warp Gate (Chrono Boost)  
  22  2:17  Zealot  
  22  2:19  Mothership Core  
  20  2:44  Zealot  
  22  2:57  Pylon  
  22  2:58  Probe  
  22  3:12  Pylon, Probe  
  23  3:15  Zealot  
  25  3:20  Zealot  
  27  3:38  Probe  
  28  3:59  Zealot x3  
  34  4:27  Pylon  
  34  4:30  Pylon  
  34  4:31  Nexus  
  34  4:38  Robotics Facility  
  34  4:58  Probe  
  34  4:59  Forge  
  35  5:34  Observer  
  36  5:36  Protoss Ground Weapons Level 1 (Chrono Boost)  
  36  5:37  Probe  
  37  5:44  Probe  
  37  5:49  Probe  
  39  5:53  Gateway  
  39  5:54  Probe  
  39  6:01  Probe  
  40  6:12  Probe  
  40  6:13  Probe  
  42  6:26  Robotics Bay, Probe  
  42  6:28  Probe  
  44  6:50  Zealot x4  
  52  7:05  Pylon  
  52  7:09  Pylon  
  52  7:16  Colossus (Chrono Boost)  
  52  7:18  Extended Thermal Lance  
  58  7:25  Pylon  
  58  8:11  Colossus (Chrono Boost)  
  64  8:13  Probe x2  
  64  8:18  Sentry  
  64  8:19  Sentry  
  70  8:21  Zealot  
  70  8:22  Zealot  
  70  8:25  Probe x2  
  72  8:37  Probe  
  67  8:47  Stalker  
  67  8:48  Stalker x3  
  61  9:12  Stalker x3  
  67  9:19  Assimilator  
  67  9:20  Probe x2  
  67  9:21  Assimilator  
  69  9:42  Stargate  
  69  9:52  Nexus  
  69  9:56  Stalker x2  
  69  9:59  Probe x2  
  75  10:11  Probe x2  
  77  10:17  Assimilator  
  77  10:21  Assimilator  
  77  10:23  Probe  
  77  10:25  Pylon  
  78  10:34  Phoenix (Chrono Boost)  
  80  10:41  Stalker x2  
  80  10:42  Stalker  
  86  10:44  Protoss Air Weapons Level 1 (Chrono Boost)  
  76  11:15  Probe x2  
  78  11:21  Phoenix  
  80  11:27  Probe x2  
  82  11:37  Protoss Ground Armor Level 1  
  82  11:43  Stalker x2  
  82  11:44  Stalker  
  82  11:45  Probe x2  
  90  11:47  Probe  
  91  11:57  Probe x2  
  91  11:58  Probe  
  94  12:10  Phoenix  
  96  12:17  Twilight Council  
  96  12:23  Pylon  
  96  12:26  Probe  
  96  12:27  Gateway, Probe x2  
  86  13:03  Pylon  
  86  13:04  Pylon  
  86  13:07  Pylon  
  86  13:11  Pylon  
  86  13:13  Pylon  
  86  13:16  Pylon, Probe  
  86  13:17  Probe  
  86  13:19  Pylon  
  77  13:29  Probe  
  65  13:35  Probe  
  65  13:37  Probe  
  60  13:41  Probe  
Show
View Real Time Build Order
Export as new Build Order

Manta Zerg - Winner!

Build Orders: Pool First 

Get SALT Encoding   

  12  0:01  Drone  
  13  0:17  Extractor  
  12  0:25  Spawning Pool  
  11  0:28  Drone  
  11  0:33  Drone  
  13  0:41  Overlord  
  13  0:47  Drone  
  14  1:13  Zergling x6  
  14  1:16  Queen  
  19  1:24  Zergling x2  
  20  1:36  Zergling x2  
  21  1:46  Zergling x2  
  22  1:58  Overlord  
  22  2:28  Zergling x2  
  22  2:29  Zergling x8  
  27  2:35  Metabolic Boost  
  24  2:38  Zergling x2  
  24  3:09  Overlord  
  24  3:11  Hatchery  
  23  3:40  Drone  
  23  3:41  Drone x2  
  28  3:44  Lair  
  25  4:10  Spine Crawler  
  25  4:13  Spine Crawler  
  25  4:16  Extractor  
  22  4:27  Queen  
  22  4:29  Drone x5  
  29  4:31  Drone  
  29  4:37  Drone  
  31  4:41  Drone  
  32  5:10  Drone x3, Spire  
  32  5:12  Drone  
  35  5:16  Overlord  
  35  5:43  Drone x5  
  35  5:45  Drone x3  
  35  5:48  Overlord  
  43  6:10  Hatchery  
  42  6:12  Drone x4  
  42  6:13  Drone  
  47  6:36  Spine Crawler  
  47  6:37  Drone  
  47  6:44  Drone x4  
  51  6:47  Extractor  
  51  6:48  Overlord x3  
  51  6:50  Extractor  
  51  6:51  Zerg Flyer Weapons Level 1  
  49  6:56  Queen  
  51  7:26  Drone x3  
  51  7:27  Drone x2  
  56  7:32  Drone x4  
  56  7:33  Drone x3  
  56  7:52  Mutalisk  
  56  7:53  Mutalisk x7  
  56  7:54  Mutalisk x2  
  76  8:10  Spine Crawler  
  75  8:17  Spine Crawler  
  75  8:18  Mutalisk  
  76  9:01  Hatchery  
  75  9:15  Extractor  
  74  9:18  Extractor  
  74  9:19  Queen  
  74  9:21  Hatchery, Zerg Flyer Armor Level 1  
  74  9:26  Drone x2, Spire  
  74  9:27  Drone  
  76  10:04  Overlord x4  
  76  10:24  Drone x4  
  76  10:25  Drone x4  
  84  10:37  Hatchery  
  84  10:38  Queen  
  85  11:10  Mutalisk  
  85  11:11  Mutalisk x6  
  87  11:12  Mutalisk x6  
  87  11:14  Overlord x6  
  87  11:16  Drone x2  
  87  11:17  Drone x2  
  115  11:30  Hatchery  
  114  11:34  Mutalisk x3  
  114  11:35  Mutalisk x3  
  114  11:38  Mutalisk x2  
  130  11:44  Zerg Flyer Weapons Level 2  
  130  11:45  Zerg Flyer Armor Level 2  
  130  12:00  Queen  
  132  12:58  Mutalisk x7  
  132  12:59  Mutalisk x6  
  132  13:00  Mutalisk  
  132  13:02  Drone x3  
  132  13:03  Drone x2  
  132  13:05  Drone x6  
  168  13:06  Drone  
  168  13:12  Overlord x6  
  170  13:13  Overlord  
  166  13:52  Mutalisk  
  166  13:53  Mutalisk x6  
  166  13:54  Mutalisk  
Tags
 
Add a new tag
Caveats
  • Supply blocks, unpowered buildings, or Contaminate may cause inaccurate times.
  • Supply counts are checked every 10 seconds.